 Dungeon Crawl Stone Soup version 0.28-a0-586-gbdb9d174a4 (webtiles) character file.

Game seed: 17710188239417649742

125 KristoblXynda the Cutter (level 5, -1/33 HPs)
             Began as a Kobold Berserker on Oct 2, 2021.
             Was a Believer of Trog.
             Killed by divine providence
             ... invoked by an orc priest
              (12 damage)
             ... on level 3 of the Dungeon.
             The game lasted 00:03:32 (3315 turns).

KristoblXynda the Cutter (Kobold Berserker)         Turns: 3315, Time: 00:03:32

Health: -1/33      AC:  5    Str: 16    XL:     5   Next: 30%
Magic:  5/5        EV: 14    Int:  8    God:    Trog [**....]
Gold:   70         SH:  0    Dex: 14    Spells: 4/4 levels left

rFire   . . .      SeeInvis +   a - +1 short sword
rCold   . . .      Faith    .   (shield restricted)
rNeg    . . .      Spirit   .   c - +0 ring mail
rPois   +          Reflect  .   (no helmet)
rElec   .          Harm     .   (no cloak)
rCorr   .          Rampage  .   (no gloves)
Will    .....                   (no boots)
Stlth   ++........              (no amulet)
HPRegen 0.11/turn               f - ring of see invisible
MPRegen 0.09/turn               i - ring of poison resistance

@: on berserk cooldown, slowed, very slow
A: small, no large weapons, nightstalker 3
a: Renounce Religion, Berserk, Trog's Hand


You were on level 3 of the Dungeon.
You worshipped Trog.
Trog was pleased with you.
You visited 1 branch of the dungeon, and saw 3 of its levels.

You collected 96 gold pieces.
You spent 26 gold pieces at shops.

Inventory:

Hand Weapons
 a - a +1 short sword (weapon)
Armour
 c - a +0 ring mail (worn)
Jewellery
 f - a ring of see invisible (left hand)
 i - a ring of poison resistance (right hand)
Potions
 d - a potion of resistance {unknown}
 e - a potion of lignification


   Skills:
 + Level 4.1 Fighting
 + Level 4.9 Short Blades
 + Level 2.4 Armour
 + Level 3.5 Dodging
 + Level 1.8 Stealth


You had 4 spell levels left.
You didn't know any spells.
Your spell library contained the following spells:

 Spells                   Type           Power      Damage    Failure   Level
 Conjure Flame            Conj/Fire      0%         6-21      94%         3
 Ignite Poison            Fire/Tmut/Pois 0%         N/A       94%         3
 Sticky Flame             Conj/Fire      0%         2d3       100%        4


Dungeon Overview and Level Annotations

Branches:
Dungeon (3/15)

Altars:

Shops:
D:1 ?   D:3 *


Innate Abilities, Weirdness & Mutations

You are small and have problems with some larger weapons.
You are completely attuned to the shadows.


Message History

You open the door.
An orc priest comes into view. It is wielding a +0 mace.
Found 17 gold pieces.
An orc priest is nearby! 2 orcs come into view.
Found 17 gold pieces.
The orc shouts!
You hear a shout! x2; The orc shouts!
An orc priest comes into view. It is wielding a +0 mace.
There is an open door here.
A red film seems to cover your vision as you go berserk!
You feel yourself moving faster!
You feel mighty! The orc hits you with a +0 short sword.
An orc priest comes into view. It is wielding a +0 club.
The orc priest calls down the wrath of Beogh upon you.
Beogh smites you!
The orc priest shouts!
You barely miss the orc. You barely miss the orc.
The orc priest looks encouraged for a moment.
The orc hits you with a +0 short sword.
You puncture the orc!
You feel the power of Trog in you as your rage grows.
You kill the orc!
Trog accepts your kill.
You see here a +0 club.
You feel a strong urge to attack something.
You feel your anger nearly subside.
You are no longer berserk.
You are exhausted.
You feel yourself slow down.
The orc priest looks braver for a moment.
The orc completely misses you.
As you read the scroll labelled FAUDIEKYLI, it crumbles to dust.
It is a scroll of enchant weapon.
Your +0 short sword glows red for a moment.
The orc priest calls down the wrath of Beogh upon you.
Beogh smites you! The orc misses you.
The orc priest invokes the aid of Beogh against you.
Beogh smites you!
You die...

.$.##...........>.## #..####
####...............#####....###
#............................
#................#######..###
#................# ##..##
#.......o..).....# ###...
#.........o......# #.....#
##.........o....## .......
##.........@..## .......
##########..... ....... ######
...... ######### .....
#####.......## ...
........<..... ...
............# ... ....<.......#
..# .....###..### . ...


You could see 2 orc priests and an orc.

Vanquished Creatures
  5 adders
  A worm (D:2)
  2 dart slugs
  2 orcs (D:3)
  3 ball pythons
  8 bats
  9 endoplasms
  3 giant cockroaches (D:1)
  7 goblins
  3 hobgoblins
  3 jackals (D:2)
  4 quokkas
  9 frilled lizards
  5 kobolds
  2 rats (D:2)
66 creatures vanquished.

Vanquished Creatures (others)
  39 plants (D:2)
39 creatures vanquished.

Grand Total: 105 creatures vanquished

Notes
Turn   | Place    | Note
-------+----------+-------------------------------------------
     0 | D:1      | KristoblXynda the Kobold Berserker began the quest for the
                  | Orb.
     0 | D:1      | Reached XP level 1. HP: 14/14 MP: 1/1
    78 | D:1      | Reached XP level 2. HP: 10/19 MP: 2/2
   504 | D:1      | Reached XP level 3. HP: 21/23 MP: 3/3
   819 | D:1      | Reached ** piety under Trog
   910 | D:1      | Found Alunua's Magic Scroll Shoppe.
  1204 | D:2      | Reached XP level 4. HP: 26/29 MP: 4/4
  1362 | D:2      | Reached skill level 1 in Stealth
  2622 | D:2      | Reached XP level 5. HP: 27/33 MP: 5/5
  2986 | D:3      | Found Xugofi's General Store.
  2991 | D:3      | Bought a scroll of identify for 26 gold pieces
  3315 | D:3      | Killed from afar by an orc priest

Illustrated notes

Levels and vault maps discovered:
D:1:      minmay_arrival_three_doors, layout_rooms, serial_shops,
          nicolae_shop_waterfront, minmay_misc_feat_room
D:2:      layout_basic, serial_bayou, serial_bayou_pond_d,
          serial_bayou_lagoon_a, serial_bayou_pond_d, serial_bayou_lagoon_b
D:3:      layout_rooms, serial_shops, shop_fountains, minivault_27,
          kennysheep_orc_chapel

Skill      XL: |  1  2  3  4 |
---------------+-------------+-----
Armour         | 2 |  2.4
Dodging        | 3 |  3.5
Stealth        | 1 |  1.8
Fighting       | 4 |  4.1
Short Blades   | |  4.9

Action                   |  1- 3 |  4- 6 || total
-------------------------+-------+-------++-------
Melee: Short sword       |    81 |   136 ||   217
Invok: Berserk           |     1 |     3 ||     4
  Use: Scroll            |       |     3 ||     3
 Stab: Sleeping          |    10 |     5 ||    15
Armor: Animal skin       |    14 |    14 ||    28
Dodge: Dodged            |    49 |    95 ||   144

Table legend: (Time is in decaauts)
 A = Elapsed time spent in this place.
 B = Non-inter-level travel time spent in this place.
 C = Inter-level travel time spent in this place.
 D = Time resting spent in this place.
 E = Time spent auto-exploring this place.
 F = Levels seen in this place.
 G = Mean time per level.
                   A        B        C        D        E       F      G
               +--------+--------+--------+--------+--------+-----+--------+
         Total |   3352 |   3317 |     35 |   1061 |   1785 |   3 | 1117.3 |
       Dungeon |   3352 |   3317 |     35 |   1061 |   1785 |   3 | 1117.3 |
               +--------+--------+--------+--------+--------+-----+--------+

Top non-repeatable levels by time:
     D:2: 1885 daAuts
     D:1: 1002 daAuts
     D:3: 464 daAuts
